Map: Ascension to Aiur LE

Players

JJAKJI - Winner!

  • Race: Terran Terran
  • League: Platinum
  • Spawn Location: 11:00

Zest

  • Race: Protoss Protoss
  • League: Master
  • Spawn Location: 5:00

Event: HomeStory Cup XVI

VOD

Have the link to the VOD?

Description

Time

  • Played on: Nov. 11, 2017, 4:37 p.m.
  • Length: 10:21

All games in this series

Show
View Real Time Build Order
Export as new Build Order

JJAKJI Terran - Winner!

Build Orders: 1/1/1, Cyclone Opening 

Get SALT Encoding   

  12  0:00  SCV  
  13  0:12  SCV  
  14  0:18  Supply Depot  
  14  0:24  SCV  
  15  0:40  SCV  
  15  0:41  Barracks  
  16  0:46  Refinery  
  16  0:52  SCV  
  16  0:56  Refinery  
  17  1:04  SCV  
  18  1:16  SCV  
  19  1:27  Marine  
  19  1:29  Orbital Command  
  20  1:36  Factory  
  20  1:45  Supply Depot  
  20  1:48  Barracks Reactor  
  20  1:55  SCV  
  21  2:07  SCV  
  22  2:19  SCV  
  22  2:20  Cyclone  
  26  2:24  Marine x2  
  26  2:29  Starport  
  28  2:36  Supply Depot  
  28  2:37  SCV  
  28  2:42  Marine  
  28  2:43  Marine  
  31  2:56  Factory Tech Lab  
  31  2:58  SCV  
  32  3:00  Marine  
  32  3:01  Marine  
  34  3:10  SCV  
  33  3:17  Medivac  
  31  3:34  Siege Tank  
  31  3:38  Marine  
  31  3:41  Marine  
  36  3:53  Supply Depot  
  36  3:56  Marine  
  36  3:57  Liberator  
  36  4:02  Marine  
  37  4:14  Siege Tank, Marine  
  44  4:21  Marine  
  43  4:32  Marine  
  38  4:46  Siege Tank  
  42  4:54  Supply Depot, Barracks  
  42  4:59  Liberator  
  39  5:17  SCV  
  39  5:21  Command Center  
  41  5:35  SCV  
  36  5:41  Barracks Reactor  
  36  5:42  Barracks  
  36  5:47  SCV, Bunker  
  37  5:58  Barracks  
  37  5:59  SCV  
  38  6:11  SCV  
  39  6:18  Marine x2  
  39  6:23  SCV  
  42  6:33  Orbital Command, Barracks Tech Lab  
  42  6:35  SCV  
  42  6:36  Marine x2  
  42  6:41  Bunker  
  42  6:47  SCV, Barracks Tech Lab  
  42  6:53  Orbital Command  
  42  6:54  Marine x2  
  42  6:57  Marine  
  42  7:03  SCV  
  43  7:12  Stimpack, Marine  
  44  7:15  SCV  
  44  7:19  SCV  
  44  7:20  Marine  
  44  7:21  Marine x2  
  49  7:27  Starport, Factory Reactor  
  50  7:30  SCV  
  50  7:31  SCV  
  51  7:38  Combat Shields, Marine x2  
  51  7:39  Marauder x2  
  51  7:42  SCV  
  51  7:43  SCV  
  59  7:46  Engineering Bay  
  59  7:49  Supply Depot  
  59  7:54  SCV  
  59  7:57  SCV  
  61  8:00  Marauder, Marine  
  61  8:01  Marauder  
  61  8:02  Marine  
  67  8:07  Supply Depot  
  67  8:10  SCV x2  
  67  8:12  Medivac  
  71  8:16  Medivac  
  73  8:21  Missile Turret  
  73  8:25  Missile Turret  
  73  8:30  Marine x2  
  74  8:35  Marauder  
  74  8:37  Missile Turret  
  75  8:42  Marauder  
  75  8:46  Viking  
  75  8:54  Medivac  
  77  8:59  Marauder  
  77  9:02  Concussive Shells  
  78  9:04  Marauder  
  78  9:06  Marine x2  
  81  9:14  Refinery  
  81  9:15  Supply Depot, SCV  
  81  9:17  SCV  
  83  9:20  Marauder  
  84  9:33  Supply Depot  
  84  9:34  Supply Depot  
  86  9:38  Marauder, Marine x2  
  86  9:41  Marauder  
  90  9:54  Command Center  
  90  9:58  Marine x2  
Show
View Real Time Build Order
Export as new Build Order

Zest Protoss 

Build Orders:  

Get SALT Encoding   

  12  0:02  Probe (Chrono Boost)  
  14  0:14  Probe (Chrono Boost)  
  14  0:17  Pylon  
  14  0:25  Probe (Chrono Boost)  
  15  0:31  Probe (Chrono Boost)  
  15  0:36  Gateway  
  15  0:41  Probe (Chrono Boost)  
  17  0:46  Assimilator  
  17  0:53  Probe (Chrono Boost)  
  19  1:05  Probe (Chrono Boost)  
  19  1:17  Probe (Chrono Boost)  
  20  1:26  Cybernetics Core  
  20  1:27  Assimilator  
  20  1:29  Probe (Chrono Boost), Pylon  
  20  1:30  Zealot  
  23  1:43  Warp Gate  
  23  1:49  Gateway, Probe (Chrono Boost)  
  25  2:01  Probe (Chrono Boost)  
  25  2:02  Stalker  
  27  2:11  Shield Battery  
  27  2:20  Robotics Facility  
  27  2:32  Stalker  
  27  2:35  Shield Battery  
  29  2:58  Gateway  
  29  3:08  Immortal  
  29  3:14  Pylon  
  30  3:38  Pylon  
  30  3:46  Pylon  
  30  3:50  Stalker x2  
  30  3:52  Stalker  
  36  4:07  Pylon  
  36  4:13  Observer  
  37  4:26  Stalker x3  
  39  4:48  Stalker  
  39  4:49  Stalker  
  39  4:50  Stalker  
  37  5:41  Pylon  
  37  5:43  Probe (Chrono Boost)  
  37  5:49  Probe (Chrono Boost)  
  39  6:03  Twilight Council  
  40  6:05  Probe (Chrono Boost)  
  40  6:29  Stalker  
  40  6:30  Stalker x2  
  35  6:53  Stalker  
  35  6:57  Probe (Chrono Boost)  
  35  7:04  Dark Shrine, Probe (Chrono Boost)  
  35  7:11  Probe (Chrono Boost)  
  35  7:14  Warp Prism  
  39  7:30  Probe (Chrono Boost)  
  39  7:42  Probe (Chrono Boost)  
  40  8:04  Observer  
  41  8:06  Nexus  
  41  8:23  Dark Templar x2  
  45  8:30  Probe (Chrono Boost)  
  47  8:42  Probe (Chrono Boost)  
  45  8:53  Dark Templar  
  45  8:54  Probe (Chrono Boost)  
  48  9:02  Robotics Bay  
  48  9:06  Probe (Chrono Boost)  
  49  9:17  Archon  
  50  9:18  Probe (Chrono Boost)  
  50  9:19  Stalker x2  
  54  9:27  Probe (Chrono Boost)  
  54  9:29  Probe (Chrono Boost)  
  56  9:34  Probe (Chrono Boost)  
  56  9:35  Probe (Chrono Boost)  
  57  9:41  Disruptor  
  57  9:42  Probe (Chrono Boost)  
  57  9:44  Probe (Chrono Boost)  
  64  9:54  Probe (Chrono Boost)  
Tags
 
Add a new tag
Caveats
  • Supply blocks, unpowered buildings, or Contaminate may cause inaccurate times.
  • Supply counts are checked every 10 seconds.